 Dungeon Crawl Stone Soup version 0.28-a0-1435-g82390b3a13 (webtiles) character file.

Game seed: 1282301262191418400

85 freelancePsychic the Skirmisher (level 4, -4/41 HPs)
             Began as a Hill Orc Abyssal Knight on Jan 10, 2022.
             Was a Believer of Lugonu.
             Slain by an orc (9 damage)
             ... on level 3 of the Dungeon.
             The game lasted 00:02:09 (2150 turns).

freelancePsychic the Skirmisher (HOAK)              Turns: 2150, Time: 00:02:09

Health: -4/41      AC:  3    Str: 17    XL:     4   Next: 48%
Magic:  6/6        EV: 11    Int: 10    God:    Lugonu [**....]
Gold:   167        SH:  0    Dex: 11    Spells: 3/3 levels left

rFire   . . .      SeeInvis .   a - +1 hand axe
rCold   . . .      Faith    .   (no shield)
rNeg    . . .      Spirit   .   b - +0 leather armour
rPois   .          Reflect  .   (no helmet)
rElec   .          Harm     .   (no cloak)
rCorr   .          Rampage  .   (no gloves)
Will    .....                   (no boots)
Stlth   +.........              (no amulet)
HPRegen 0.13/turn               (no ring)
MPRegen 0.10/turn               (no ring)

@: no status effects
A: no striking features
a: Renounce Religion, Depart the Abyss, Bend Space


You were on level 3 of the Dungeon.
You worshipped Lugonu.
Lugonu was pleased with you.
You visited 1 branch of the dungeon, and saw 3 of its levels.
You visited the Abyss 1 time.

You collected 167 gold pieces.

Inventory:

Hand Weapons
 a - a +1 hand axe (weapon)
Armour
 b - a +0 leather armour (worn)
 f - a +0 buckler
Jewellery
 h - an amulet of magic regeneration
 j - an amulet of the acrobat
Wands
 l - a wand of digging (6)
Scrolls
 c - a scroll of identify {unknown}
 e - a scroll of brand weapon {unknown}
 g - a scroll of teleportation {unknown}
Potions
 d - a potion of mutation {unknown}
 i - a potion of cancellation {unknown}
 k - a potion of degeneration {unknown}


   Skills:
 + Level 4.5 Fighting
 + Level 3.9 Axes
 - Level 2.1 Armour
 - Level 0.7 Dodging
 + Level 1.1 Shields
 + Level 3.8 Invocations


You had 3 spell levels left.
You didn't know any spells.
Your spell library contained the following spells:

 Spells                   Type           Power      Damage    Failure   Level
 Summon Small Mammal      Summ           0%         N/A       41%         1
 Passwall                 Tmut/Erth      0%         N/A       56%         2
 Call Canine Familiar     Summ           0%         N/A       80%         3
 Summon Guardian Golem    Hex/Summ       0%         N/A       80%         3
 Swiftness                Air            0%         N/A       80%         3


Dungeon Overview and Level Annotations

Branches:
Dungeon (3/15)

Altars:

Shops:
D:2 =


Message History

Lugonu accepts your kill.
No target in view!
No target in view!
You see here a giant cockroach corpse. 2 orcs come into view.
The orc shouts!
An orc comes into view.
It is wielding a +1 war axe of electrocution.
There are monsters nearby!
There are monsters nearby!
An orc comes into view. It is wielding a +0 dagger.
You closely miss the orc. The orc misses you.
You hit the orc.
The orc is severely wounded.
The orc hits you with a +0 short sword.
You slash the orc!
You kill the orc!
Lugonu accepts your kill.
You hit the orc but do no damage.
The orc hits you with a +1 war axe of electrocution.
The orc hits you from afar with a +0 trident!
The orc completely misses you.
You are too injured to fight recklessly!
You are too injured to fight recklessly!
You are too injured to fight recklessly!
You hit the orc but do no damage.
The orc hits you from afar with a +0 trident!
The orc misses you.
You hit the orc.
The orc is lightly wounded.
The orc hits you but does no damage. The orc closely misses you.
You closely miss the orc.
The orc is lightly wounded.
The orc closely misses you.
The orc hits you with a +1 war axe of electrocution!
* * * LOW HITPOINT WARNING * * *
You hit the orc but do no damage.
The orc hits you from afar with a +0 trident!
* * * LOW HITPOINT WARNING * * *
The orc hits you with a +1 war axe of electrocution!
You die...

#.#.#
#.....#
#..# #.#.#
#######
#..#
#.#.######
#..#
#.#...†..#
#..#
#.######.#
#..# ..#
#.# #..#
###
#.######..#
#.........#
#########@#
#o# #o# #o#
#.# #.# #.#
#.#


You could see 3 orcs.

Vanquished Creatures
  An adder (D:2)
  A worm (D:2)
  2 dart slugs
  5 orcs (D:3)
  5 ball pythons
  A bat (D:2)
  2 giant cockroaches
  8 goblins
  9 hobgoblins
  7 jackals (D:1)
  4 quokkas
  6 frilled lizards
  6 rats
57 creatures vanquished.

Vanquished Creatures (others)
  2 plants (D:3)
2 creatures vanquished.

Grand Total: 59 creatures vanquished

Notes
Turn   | Place    | Note
-------+----------+-------------------------------------------
     0 | Abyss:1  | freelancePsychic the Hill Orc Abyssal Knight began the
                  | quest for the Orb.
     0 | Abyss:1  | Reached XP level 1. HP: 19/19 MP: 2/2
    14 | D:1      | Escaped the Abyss
   116 | D:1      | Reached XP level 2. HP: 23/27 MP: 4/4
   291 | D:1      | Reached skill level 4 in Fighting
   572 | D:1      | Reached XP level 3. HP: 24/33 MP: 5/5
   686 | D:1      | Reached ** piety under Lugonu
  1178 | D:2      | Found Afounyoh's Jewellery Shop.
  1695 | D:3      | Reached XP level 4. HP: 41/41 MP: 6/6
  1914 | D:3      | Reached skill level 1 in Shields
  2150 | D:3      | Slain by an orc

Illustrated notes

Levels and vault maps discovered:
D:1:      kilobyte_arrival_exit_the_forest, layout_rooms,
          hangedman_decor_clover_reticule
D:2:      layout_loops_cross, serial_shops, shop
D:3:      cheibrodos_greedy_goblins, layout_loops_ring, serial_shops,
          nicolae_shop_overgrown_old_shop, uniq_ijyb

Skill      XL: |  1  2  3  4 |
---------------+-------------+-----
Axes           | 3 |  3.9
Fighting       | 4 |  4.5
Invocations    | 3 |  3.8
Shields        | 1 |  1.1
Armour         | |  2.1
Dodging        | |  0.7

Action                   |  1- 3 |  4- 6 || total
-------------------------+-------+-------++-------
Melee: Hand axe          |   106 |    40 ||   146
       Punch             |     1 |       ||     1
Armor: Leather armour    |    37 |     7 ||    44
Dodge: Dodged            |    74 |    20 ||    94

Table legend: (Time is in decaauts)
 A = Elapsed time spent in this place.
 B = Non-inter-level travel time spent in this place.
 C = Inter-level travel time spent in this place.
 D = Time resting spent in this place.
 E = Time spent auto-exploring this place.
 F = Levels seen in this place.
 G = Mean time per level.
                   A        B        C        D        E       F      G
               +--------+--------+--------+--------+--------+-----+--------+
         Total |   2174 |   2115 |     59 |      0 |   1804 |   4 |  543.5 |
       Dungeon |   2160 |   2101 |     59 |      0 |   1797 |   3 |  720.0 |
         Abyss |     14 |     14 |      0 |      0 |      7 |   1 |   14.0 |
               +--------+--------+--------+--------+--------+-----+--------+

Top non-repeatable levels by time:
     D:1: 1016 daAuts
     D:2: 677 daAuts
     D:3: 465 daAuts
 Abyss:1: 14 daAuts
